 Dungeon Crawl Stone Soup version 0.17-a0-1583-g2df49ec (webtiles) character file.

616 HeyNongMan the Ruffian (level 7, -1/66 HPs)
             Began as a Troll Chaos Knight on July 28, 2015.
             Succumbed to a killer bee's poison
             ... on level 4 of the Dungeon.
             The game lasted 00:07:10 (2801 turns).

HeyNongMan the Ruffian (Troll Chaos Knight)         Turns: 2801, Time: 00:07:10

Health: -1/66      AC:  7    Str: 21    XL:     7   Next: 21%
Magic:  6/6        EV: 10    Int: 15    God:    Xom [...*..]
Gold:   177        SH:  0    Dex:  9    Spells: 0 memorised, 6 levels left

rFire  . . .     SeeInvis .       - Unarmed
rCold  . . .     Clarity  .     a - +2 robe
rNeg   . . .     SustAt   .     (no shield)
rPois  .         Gourm    +     (helmet restricted)
rElec  .         Spirit   .     (no cloak)
rCorr  .         Warding  .     (gloves unavailable)
rMut   .         Stasis   .     (boots unavailable)
MR     .....                    (no amulet)
Stlth  +.........               (no ring)
                                (no ring)

@: brilliant, lethally poisoned (-1 -> -11), not resistant to hostile
enchantments, very unstealthy
A: unfitting armour, claws 3, fast metabolism 3, gourmand, regeneration 2,
shaggy fur 1, tough skin 2
a: Renounce Religion


You were on level 4 of the Dungeon.
You worshipped Xom.
You were a favourite toy of Xom.
You were very full.

You visited 1 branch of the dungeon, and saw 4 of its levels.

You collected 177 gold pieces.

Inventory:

Armour
 a - a +2 robe (worn)
Magical devices
 e - a wand of confusion (7)
Scrolls
 j - a scroll of fear {unknown}
 l - a scroll of remove curse {unknown}
 m - 3 scrolls of teleportation {unknown}
 n - 2 scrolls of enchant weapon {unknown}
 o - 2 scrolls of random uselessness {unknown}
 q - 2 scrolls of identify {unknown}
Potions
 d - a potion of degeneration
Comestibles
 b - 4 bread rations
 c - 3 beef jerkies
 f - 4 fruits
 g - a meat ration
 k - 4 chunks of flesh


   Skills:
 - Level 2.4 Fighting
 + Level 4.1 Dodging
 * Level 7.1 Unarmed Combat


You had 6 spell levels left.
You didn't know any spells.

Dungeon Overview and Level Annotations

Branches:
Dungeon (4/15)
 Temple: D:4-7

Altars:
Fedhas
Okawaru

Annotations:
D:4 4 runed doors


Innate Abilities, Weirdness & Mutations

You are too large for most types of armour.
You have claws for hands.
Your metabolism is lightning-fast.
You like to eat raw meat.
You heal very quickly.
You are covered in fur (AC +1).
You have very tough skin (AC +2).


Message History

* * * LOW HITPOINT WARNING * * *
You feel sick. The killer bee stings you.
* * * LOW HITPOINT WARNING * * *
You miss the killer bee.
The killer bee is severely wounded.
* * * LOW HITPOINT WARNING * * *
You feel sick. The killer bee closely misses you.
The killer bee closely misses you.
Drink which item? (? for menu, Esc to quit)
It was a potion of brilliance.
You feel clever all of a sudden.
* * * LOW HITPOINT WARNING * * *
You feel sick. The killer bee stings you.
* * * LOW HITPOINT WARNING * * *
The killer bee stings you but does no damage.
You mangle the killer bee!!
You kill the killer bee!
Your Unarmed Combat skill increases to level 7!
You die...
Xom chortles!

##.........######......#
#...........##........#
...###..#.............#
.###
#..####...†...#...####
#... ##.....###...#.#
.... ##....####....## #.
#.%.)...###....#
#§#......#..(..#
#@#####........##
#..§§§# #.........##
##..§#.. ......o....#
##..##..#.....#oN.)<
.... .....O.####...
##... ....o. ##.. #.##
.... #.. #. ##. #.. ##
#.#


There were no monsters in sight!

Vanquished Creatures
  Sigmund (D:2)
  A naga (D:4)
  3 killer bees (D:4)
  A giant frog skeleton (D:4)
  Jessica (D:2)
  An orc priest (D:4)
  An iguana (D:4)
  Natasha (thrice) (D:2)
  3 adders
  3 worms
  2 giant geckos (D:1)
  9 orcs
  9 bats
  A giant cockroach (D:1)
  7 goblins
  12 hobgoblins
  11 jackals
  2 quokkas
  5 ball pythons (D:2)
  8 giant newts
  3 kobolds
  7 rats
94 creatures vanquished.

Notes
Turn   | Place    | Note
--------------------------------------------------------------
     0 | D:1      | HeyNongMan the Troll Chaos Knight began the quest for the Orb.
     0 | D:1      | Reached XP level 1. HP: 22/22 MP: 0/0
   293 | D:1      | Reached XP level 2. HP: 29/29 MP: 1/1
   355 | D:1      | XOM: harmless Chrm miscast
   637 | D:1      | XOM: god gift: beef jerky
   935 | D:2      | Reached XP level 3. HP: 36/36 MP: 2/2
  1029 | D:2      | XOM: vitrification
  1049 | D:2      | Noticed Sigmund
  1052 | D:2      | XOM: destruction
  1059 | D:2      | Killed Sigmund
  1059 | D:2      | Reached skill level 5 in Unarmed Combat
  1059 | D:2      | Reached XP level 4. HP: 35/44 MP: 3/3
  1059 | D:2      | Reached XP level 5. HP: 39/50 MP: 4/4
  1094 | D:2      | Found an iron altar of Okawaru.
  1097 | D:2      | Noticed Jessica
  1102 | D:2      | Killed Jessica
  1143 | D:2      | Noticed Natasha
  1155 | D:2      | XOM: confuse monster(s)
  1156 | D:2      | Killed Natasha
  1281 | D:2      | Noticed Natasha
  1283 | D:2      | XOM: swap monsters
  1293 | D:2      | Killed Natasha
  1312 | D:2      | Noticed Natasha
  1342 | D:1      | XOM: 3-stop teleportation journey
  1403 | D:2      | Killed Natasha
  1655 | D:2      | XOM: colour smoke trail
  1670 | D:2      | XOM: mild Trmt miscast
  1685 | D:2      | XOM: summons friendly shadow imp
  1813 | D:3      | Found a blossoming altar of Fedhas.
  1833 | D:3      | Reached XP level 6. HP: 59/59 MP: 5/5
  1992 | D:3      | XOM: enchant monster (good)
  2050 | D:3      | XOM: 2-stop teleportation journey
  2474 | D:4      | XOM: enchant monster (good)
  2516 | D:4      | Noticed a naga
  2516 | D:4      | an ogre changed into a naga
  2516 | D:4      | XOM: polymorph ogre -> naga
  2563 | D:4      | Reached skill level 6 in Unarmed Combat
  2628 | D:4      | Found a large runed door.
  2628 | D:4      | Found a large runed door.
  2670 | D:4      | Found a large runed door.
  2670 | D:4      | Found a large runed door.
  2713 | D:4      | XOM: fake destruction
  2714 | D:4      | XOM: destruction
  2716 | D:4      | XOM: enchant monster (good)
  2717 | D:4      | XOM: god gift: meat ration
  2720 | D:4      | Killed a naga
  2786 | D:4      | Reached XP level 7. HP: 30/66 MP: 6/6
  2792 | D:4      | XOM: smoke on damage
  2795 | D:4      | XOM: noise
  2800 | D:4      | HP: 1/66 [killer bee (4)]
  2801 | D:4      | Reached skill level 7 in Unarmed Combat
  2801 | D:4      | Succumbed to a killer bee's poison

Vault maps used:
D:1:      lemuel_arrival_hallway
D:2:      okawaru_gym_becter, minmay_shallow_snake_nest, uniq_natasha,
          uniq_sigmund, uniq_jessica
D:3:      first_bread, fedhas_altar_3
D:4:      nicolae_overflow_crystal_walls, kennysheep_little_box,
          minmay_misc_feat_square, minmay_hollow_rounded_squares

Action                   |  1- 3 |  4- 6 |  7- 9 || total
-------------------------+-------+-------+-------++-------
Melee: Unarmed           |    82 |   191 |    13 ||   286
  Use: Potion            |     2 |     3 |     2 ||     7
 Stab: Sleeping          |     1 |     1 |       ||     2
  Eat: Chunk             |    13 |    18 |       ||    31
